 Dungeon Crawl Stone Soup version 0.23.2 (webtiles) character file.

Game seed: 4132731760414562402

95 Fang the Skirmisher (level 4, 0/29 HPs)
             Began as a Gargoyle Berserker on Apr 3, 2019.
             Was a Believer of Trog.
             Slain by Natasha (3 damage)
             ... on level 3 of the Dungeon.
             The game lasted 00:03:35 (1585 turns).

Fang the Skirmisher (Gargoyle Berserker)            Turns: 1585, Time: 00:03:35

Health: 0/29       AC:  5    Str: 22    XL:     4   Next: 65%
Magic:  4/4        EV: 12    Int:  7    God:    Trog [**....]
Gold:   54         SH:  0    Dex:  9    Spells: 3/3 levels left

rFire    . . .     SeeInvis .   a - +0 hand axe
rCold    . . .     Gourm    .   (no shield)
rNeg     + . .     Faith    .   b - +0 animal skin
rPois    ∞         Spirit   .   (no helmet)
rElec    +         Reflect  .   (no cloak)
rCorr    .         Harm     .   (no gloves)
MR       .....                  (no boots)
Stlth    +.........             (no amulet)
HPRegen  0.09/turn              (no ring)
MPRegen  0.09/turn              (no ring)

@: berserk cooldown, slowed, very slow
A: negative energy resistance 1, electricity resistance, unbreathing,
petrification resistance, rot immunity, AC +3
a: Berserk, Trog's Hand, Renounce Religion


You were on level 3 of the Dungeon.
You worshipped Trog.
Trog was pleased with you.
You were very hungry.

You visited 1 branch of the dungeon, and saw 3 of its levels.

You collected 54 gold pieces.

Inventory:

Hand Weapons
 a - a +0 hand axe (weapon)
Armour
 b - a +0 animal skin (worn)
Scrolls
 e - 7 scrolls of identify {unknown}
 g - 2 scrolls of enchant weapon {unknown}
 h - 2 scrolls of teleportation {unknown}
Potions
 d - a potion of cancellation {unknown}
 f - a potion of degeneration {unknown}
 i - 2 potions of flight {unknown}
Comestibles
 c - 4 rations


   Skills:
 + Level 4.0 Fighting
 + Level 3.3 Axes
 + Level 3.2 Armour
 + Level 2.3 Dodging


You had 3 spell levels left.
You didn't know any spells.
Your spell library was empty.

Dungeon Overview and Level Annotations

Branches:
Dungeon (3/15)

Altars:
Okawaru

Annotations:
D:3 Natasha


Innate Abilities, Weirdness & Mutations

You are resistant to torment.
Your stone body is resilient. (AC +3)
You are immune to poison.
You resist negative energy. (rN+)
You are resistant to electric shocks. (rElec)
You can survive without breathing.
You are immune to petrification.
You are immune to rotting.


Message History

Trog appreciates your killing of a magic user.
Natasha screams in pain as she dies!
Your Fighting skill increases to level 4!
You are no longer berserk.
You are exhausted.
You feel as though you will be slow longer.
You start resting.
Natasha, Servant of Life and Death comes into view.
Natasha is nearby!
Natasha is nearby!
Natasha is nearby!
Natasha hisses angrily.
Natasha casts a spell.
Natasha mumbles some strange words.
You barely miss Natasha.
You hear the slow rusting of a distant drain.
Natasha claws you.
* * * LOW HITPOINT WARNING * * *
Natasha claws you.
You die...

#.#.. ###
###....
.......#.#
.........
. #.#..#.#
.._...#.#
#.#.#..#.#
#.[...<#.#
####..5h@#
#.#5###
#.#.# #
#.# #.#
... ###


You could see an iron imp, Natasha and a crimson imp.

Vanquished Creatures
  Natasha (D:3)
  3 adders (D:2)
  A worm (D:2)
  3 dart slugs
  2 leopard geckos (D:2)
  2 hobgoblins (D:1)
  4 jackals (D:1)
  A quokka (D:2)
  2 bats
  2 frilled lizards
  3 goblins
  5 kobolds
  7 rats
36 creatures vanquished.

Vanquished Creatures (others)
  A dart slug (D:1)
  A kobold (D:1)
2 creatures vanquished.

Grand Total: 38 creatures vanquished

Notes
Turn   | Place    | Note
-------+----------+-------------------------------------------
     0 | D:1      | Fang the Gargoyle Berserker began the quest for the Orb.
     0 | D:1      | Reached XP level 1. HP: 14/14 MP: 1/1
    82 | D:1      | Reached XP level 2. HP: 12/19 MP: 2/2
  1042 | D:2      | Reached XP level 3. HP: 22/23 MP: 3/3
  1093 | D:2      | Reached ** piety under Trog
  1270 | D:2      | Reached XP level 4. HP: 26/29 MP: 4/4
  1546 | D:3      | Found an iron altar of Okawaru.
  1548 | D:3      | Noticed Natasha
  1560 | D:3      | Killed Natasha
  1560 | D:3      | Reached skill level 4 in Fighting
  1582 | D:3      | Noticed Natasha
  1585 | D:3      | Slain by Natasha

Skill      XL: |  1  2  3  4 |
---------------+-------------+-----
Axes           | 3 |  3.3
Dodging        | 2 |  2.3
Armour         | 3 |  3.2
Fighting       | 4 |  4.0

Action                   |  1- 3 |  4- 6 || total
-------------------------+-------+-------++-------
Melee: Hand axe          |    88 |    17 ||   105
Invok: Berserk           |     1 |     1 ||     2
 Stab: Sleeping          |     1 |       ||     1
  Eat: Chunk             |     2 |     1 ||     3
Armor: Animal skin       |    27 |     1 ||    28
Dodge: Dodged            |    86 |     4 ||    90
